 Dungeon Crawl Stone Soup version 0.28.0 (webtiles) character file.

Game seed: 15861028186864692380

1050 Sanktem7 the Carver (level 8, -10/70 HPs)
             Began as a Minotaur Fighter on Feb 10, 2022.
             Killed by divine providence
             ... invoked by an orc priest
              (12 damage)
             ... on level 6 of the Dungeon.
             The game lasted 00:09:28 (5312 turns).

Sanktem7 the Carver (Minotaur Fighter)              Turns: 5312, Time: 00:09:29

Health: -10/70     AC:  7    Str: 22    XL:     8   Next: 5%
Magic:  7/7        EV:  9    Int:  5    God:
Gold:   297        SH:  4    Dex: 11    Spells: 7/7 levels left

rFire   . . .      SeeInvis .   a - +0 long sword
rCold   . . .      Faith    .   c - +0 buckler
rNeg    . . .      Spirit   .   b - +0 scale mail
rPois   .          Reflect  .   (helmet restricted)
rElec   .          Harm     .   (no cloak)
rCorr   .          Rampage  .   (no gloves)
Will    .....                   (no boots)
Stlth   ..........              (no amulet)
HPRegen 0.21/turn               (no ring)
MPRegen 0.10/turn               (no ring)

@: brilliant, about to teleport
A: horns 2, retaliatory headbutt
a: no special abilities


You were on level 6 of the Dungeon.
You visited 1 branch of the dungeon, and saw 6 of its levels.

You collected 297 gold pieces.

Inventory:

Hand Weapons
 a - a +0 long sword (weapon)
Missiles
 i - 11 atropa-tipped darts (quivered)
Armour
 b - a +0 scale mail (worn)
 c - a +0 buckler (worn)
Jewellery
 o - a +4 ring of evasion
Wands
 m - a wand of polymorph (12)
Scrolls
 g - a scroll of noise
 h - a scroll of fog {unknown}
 p - 3 scrolls of enchant weapon
 q - a scroll of magic mapping
 t - a scroll of enchant armour {unknown}
Potions
 d - 2 potions of might
 f - a potion of lignification {unknown}
 j - a potion of attraction {unknown}
 n - a potion of invisibility {unknown}
 r - a potion of flight {unknown}
 s - a potion of haste {unknown}


   Skills:
 * Level 6.0 Fighting
 * Level 8.0 Long Blades
 * Level 2.7 Throwing
 + Level 6.2 Armour
 + Level 1.2 Dodging
 - Level 3.8 Shields


You had 7 spell levels left.
You didn't know any spells.
Your spell library contained the following spells:

 Spells                   Type           Power      Damage    Failure   Level
 Ozocubu's Armour         Ice            0%         N/A       99%         3
 Fireball                 Conj/Fire      0%         3d3       100%        5
 Iskenderun's Battlesphe  Conj           0%         2d6       100%        5
 Metabolic Englaciation   Hex/Ice        0%         N/A       100%        5
 Conjure Ball Lightning   Conj/Air       0%         3x3d6     100%        6
 Simulacrum               Ice/Necr       0%         N/A       100%        6
 Orb of Destruction       Conj           0%         9d5       100%        7


Dungeon Overview and Level Annotations

Branches:
Dungeon (6/15)
 Temple: D:4-7

Altars:
Elyvilon
Ru


Innate Abilities, Weirdness & Mutations

You have a pair of horns on your head.
You reflexively headbutt those who attack you in melee.


Message History

The iguana barely misses you.
An orc priest comes into view. It is wielding a +0 club.
You feel less confused.
The orc priest shouts!
The orc priest looks satisfied for a moment.
The orc priest begins to cast a cantrip, but forgets the words!
The orc wizard hits you with a +0 dagger.
The orc priest calls down the wrath of Beogh upon you.
Beogh smites you! The iguana bites you.
The white imp lashes its tail.
You slash the white imp!
You kill the white imp!
The iguana bites you!
Found a dark potion and a scroll labelled YWKAUS COKIR.
The orc wizard closely misses you. You furiously retaliate!
You headbutt the orc wizard. You barely miss the iguana. The iguana bites you!
You closely miss the iguana. Your headbutt misses the iguana.
The iguana bites you.
* * * LOW HITPOINT WARNING * * *
The orc wizard gestures wildly while chanting.
The orc wizard flickers and vanishes!
The orc wizard casts a spell.
The orc wizard flickers and vanishes!
Something hits you but does no damage.
A water moccasin comes into view.
The water moccasin hisses angrily.
As you read the scroll of teleportation, it crumbles to dust.
You feel strangely unstable. The iguana bites you!
* * * LOW HITPOINT WARNING * * *
The orc priest calls down the wrath of Beogh upon you.
Something writhes in agony!
Something hits you but does no damage.
You feel clever all of a sudden. The iguana closely misses you.
The water moccasin bites you.
* * * LOW HITPOINT WARNING * * *
Something hits you but does no damage. The water moccasin bites you.
* * * LOW HITPOINT WARNING * * *
The orc priest calls down the wrath of Beogh upon you.
Beogh smites you!
You die...

......# ...
....... ...
....... ..
##.......
#.##........
#.?#........
#.#........
####.S@.......
#....{l.......
.....#.{.o......
..## ##.o.....##
...(# #.o....##..
.....##.o........
#.........!.....
#####...........
#..##.....(


You could see a water moccasin, an iguana, 2 orc priests and 2 orcs.

Vanquished Creatures
  A sky beast (D:5)
  An ice beast (D:5)
  A black bear (D:5)
  2 ogres
  A phantom (D:5)
  A water moccasin skeleton (D:5)
  A howler monkey (D:6)
  A centaur skeleton (D:5)
  A hound (D:5)
  A bullfrog skeleton (D:4)
  An orc priest (D:4)
  Jessica (D:3)
  Terence (D:2)
  An iguana (D:4)
  An orc wizard (D:4)
  Robin (D:2)
  3 gnolls (D:5)
  8 adders
  A shadow imp (D:5)
  A white imp (D:6)
  3 ufetubi
  A dart slug (D:1)
  7 orcs
  6 ball pythons
  3 bats
  9 endoplasms
  A giant cockroach (D:1)
  8 goblins
  11 hobgoblins
  7 jackals
  4 quokkas
  2 frilled lizards (D:1)
  2 kobolds
  2 rats (D:1)
96 creatures vanquished.

Notes
Turn   | Place    | Note
-------+----------+-------------------------------------------
     0 | D:1      | Sanktem7 the Minotaur Fighter began the quest for the Orb.
     0 | D:1      | Reached XP level 1. HP: 19/19 MP: 0/0
   174 | D:1      | Reached XP level 2. HP: 27/27 MP: 1/1
   629 | D:2      | Reached XP level 3. HP: 33/33 MP: 2/2
   701 | D:2      | Reached skill level 3 in Long Blades
   910 | D:2      | Noticed Robin
   950 | D:2      | Killed Robin
   951 | D:2      | Reached XP level 4. HP: 21/41 MP: 3/3
  1315 | D:2      | Noticed Terence
  1326 | D:2      | Killed Terence
  1327 | D:2      | Reached skill level 4 in Long Blades
  1448 | D:2      | Found a faded altar of an unknown god.
  2031 | D:3      | Noticed Jessica
  2037 | D:3      | Reached XP level 5. HP: 41/47 MP: 4/4
  2039 | D:3      | Killed Jessica
  2758 | D:4      | Reached skill level 5 in Long Blades
  2761 | D:4      | HP: 2/47 [ufetubus (3)]
  3062 | D:4      | Reached skill level 5 in Fighting
  3170 | D:4      | Reached skill level 1 in Throwing
  3170 | D:4      | Reached XP level 6. HP: 30/56 MP: 5/5
  3342 | D:4      | Reached skill level 5 in Armour
  3945 | D:5      | Entered Level 5 of the Dungeon
  3950 | D:5      | Reached skill level 6 in Long Blades
  4075 | D:5      | Noticed an ice beast
  4075 | D:5      | Noticed a sky beast
  4089 | D:5      | Killed an ice beast
  4090 | D:5      | Reached skill level 1 in Dodging
  4090 | D:5      | Reached XP level 7. HP: 17/61 MP: 6/6
  4098 | D:5      | HP: 2/61 [sky beast (5)]
  4374 | D:5      | Found a sacrificial altar of Ru.
  4374 | D:5      | Found a white marble altar of Elyvilon.
  4423 | D:5      | Reached skill level 7 in Long Blades
  4424 | D:5      | HP: 3/61 [ogre (8)]
  5072 | D:5      | Reached XP level 8. HP: 59/70 MP: 7/7
  5291 | D:6      | Reached skill level 8 in Long Blades
  5311 | D:6      | HP: 3/70 [water moccasin (4)]
  5312 | D:6      | Killed from afar by an orc priest

Illustrated notes

Levels and vault maps discovered:
D:1:      saegor_arrival_simple_b, layout_basic
D:2:      layout_basic, dreamdust_ecumenical_altar_hidden_monk_grotto,
          uniq_terence, uniq_robin
D:3:      layout_basic, feat_on_display, uniq_jessica
D:4:      layout_cave_pools
D:5:      layout_rooms, mainiacjoe_overflow_divided_tiny
D:6:      layout_cave_pools, minmay_temple_entry_large_hall,
          nicolae_shop_clearance

Skill      XL: |  1  2  3  4  5  6  7  8 |
---------------+-------------------------+-----
Armour         | 4 5 6 |  6.2
Fighting       | 4 5 6 |  6.0
Long Blades    | 3 4 5 6 7 8 |  8.0
Throwing       | 1 2 |  2.7
Dodging        | 1 |  1.2
Shields        | |  3.8

Action                   |  1- 3 |  4- 6 |  7- 9 || total
-------------------------+-------+-------+-------++-------
Melee: Long sword        |    80 |   114 |    65 ||   259
       Headbutt          |    12 |    16 |     8 ||    36
Throw: Dart              |       |     4 |       ||     4
Evoke: Wand              |       |       |     1 ||     1
  Use: Scroll            |       |       |     6 ||     6
       Potion            |       |       |     3 ||     3
Armor: Scale mail        |    45 |    61 |    40 ||   146
Dodge: Dodged            |    53 |    44 |    38 ||   135
Block: Buckler           |    22 |    30 |    15 ||    67
